AoeStats
← IsraDguez

MegaRandom

505563444Analyzed
4v4 RM · 23d ago on Sep 10, 2026· 49m 19s· 8 players
Game mode
Random Map
Map size
Large (8 player)
Population
200
Speed
Normal
Resources
Standard
Victory
Conquest
Starting age
Dark Age
Ending age
Imperial Age
RankedLock teamsTeams togetherTeam positionsShared explorationLock speedFull tech treeHidden civsTurbo modeCheats
Victory
Defeat
🇲🇽 Poles · Mexico
1010
+15
🇦🇷 Tatars · Argentina
971
+17
🇨🇴 Inca · Colombia
970
+17
🇺🇸 Vietnamese · United States
880
+21
🇲🇽 Georgians · Mexico
1082
-21
🇲🇽 Franks · Mexico
1049
-20
🇲🇽 Japanese · Mexico
956
-16
🇺🇸 Spanish · United States
871
-13
xxyvonnederful
9:27 Loom
11:34 Feudal Age
13:43 Double-Bit Axe
14:45 Horse Collar
15:16 Fletching
15:30 Padded Archer Armor
24:20 Castle Age
25:04 Bodkin Arrow
24:33 Crossbowman
26:00 Leather Archer Armor
27:31 Bow Saw
29:43 Thumb Ring
31:06 Wheelbarrow
36:54 Town Watch
39:57 Ballistics
40:23 Heated Shot
48:54 Gold Mining
WololoJedi
8:48 Feudal Age
9:20 Loom
9:32 Double-Bit Axe
10:23 Horse Collar
10:38 Gold Mining
12:08 Wheelbarrow
13:03 Champi Runner
15:39 Scale Mail Armor
17:35 Forging
18:22 Fletching
23:37 Castle Age
22:02 Arson
22:33 Padded Archer Armor
22:47 Stone Mining
24:55 Hand Cart
25:03 Squires
27:47 Gold Shaft Mining
28:59 Heavy Plow
29:37 Stone Shaft Mining
28:44 Champi Warrior
30:04 Bow Saw
35:58 Imperial Age
33:50 Bodkin Arrow
35:55 Town Watch
37:13 Conscription
37:34 Bracer
37:50 Leather Archer Armor
39:25 Iron Casting
39:06 Chain Mail Armor
40:12 Hoardings
41:55 Crop Rotation
41:48 Pikeman
44:50 Blast Furnace
44:20 Plate Mail Armor
44:30 Heavy Scorpion
46:03 Sappers
49:00 Elite Champi Warrior
RIO1000
9:47 Feudal Age
9:58 Loom
10:50 Double-Bit Axe
10:48 Horse Collar
11:00 Town Watch
18:11 Castle Age
17:12 Stone Mining
19:05 Heavy Plow
20:03 Gold Mining
24:44 Wheelbarrow
25:21 Stone Shaft Mining
26:41 Hand Cart
28:16 Scale Barding Armor
28:22 Forging
28:46 Szlachta Privileges
28:55 Husbandry
29:24 Bow Saw
29:50 Bloodlines
31:27 Chain Barding Armor
32:43 Iron Casting
38:37 Imperial Age
38:39 Cavalier
39:46 Conscription
48:42 Elite Skirmisher
49:27 Thumb Ring
NoobLord
6:34 Loom
9:37 Feudal Age
12:28 Double-Bit Axe
13:45 Fletching
21:57 Castle Age
21:47 Stone Mining
21:50 Gold Mining
22:37 Bodkin Arrow
23:22 Wheelbarrow
22:49 Horse Collar
23:20 Husbandry
23:33 Bloodlines
24:52 Padded Archer Armor
28:26 Imperial Age
29:12 Bow Saw
30:40 Chemistry
30:39 Stone Mining
31:30 Hand Cart
31:44 Town Watch
32:37 Bracer
34:19 Leather Archer Armor
34:39 Heated Shot
35:12 Ballistics
38:48 Ring Archer Armor
38:54 Heavy Camel Rider
41:15 Conscription
41:58 Timurid Siegecraft
44:24 Scale Barding Armor
44:30 Forging
45:50 Murder Holes
46:07 Masonry
46:58 Chain Barding Armor
47:14 Iron Casting
48:55 Silk Armor
RodMe27
2:38 Loom
11:18 Feudal Age
19:17 Castle Age
22:42 Fletching
25:07 Gold Mining
25:49 Ballistics
IsraDguez
4:56 Loom
6:04 Loom
11:30 Feudal Age
18:14 Castle Age
19:57 Scale Barding Armor
27:09 Chain Barding Armor
28:11 Forging
28:18 Fletching
31:27 Husbandry
32:47 Wheelbarrow
37:52 Hand Cart
40:40 Imperial Age
40:53 Cavalier
42:56 Paladin
47:21 Iron Casting
King Dario II
10:21 Feudal Age
15:14 Loom
17:25 Forging
17:21 Scale Barding Armor
19:38 Bloodlines
19:36 Horse Collar
24:15 Castle Age
22:29 Double-Bit Axe
24:26 Light Cavalry
26:03 Iron Casting
30:02 Stone Mining
33:43 Chain Barding Armor
38:07 Bow Saw
39:04 Wheelbarrow
39:33 Pikeman
sergiogl100
0:32 Loom
10:56 Feudal Age
14:34 Double-Bit Axe
19:50 Castle Age
17:35 Horse Collar
19:59 Gold Mining
19:57 Man-at-Arms
20:24 Gambesons
20:59 Heavy Plow
20:45 Long Swordsman
22:20 Bow Saw
27:50 Forging
36:13 Pikeman
39:35 Imperial Age
38:34 Wheelbarrow
41:22 Halberdier
48:51 Iron Casting
Connection lost

Rejoining the realm…

Still unreachable

The connection could not be restored.

Session expired

The server has moved on; the page needs a fresh start.